AoeStats
← Donald Trump

Black Forest

510302070Analyzed
2v2 RM · 1d ago on Sep 30, 2026· 57m 29s· 4 players
Game mode
Random Map
Map size
Medium (4 player)
Population
200
Speed
Normal
Resources
Standard
Victory
Conquest
Starting age
Dark Age
Ending age
Imperial Age
RankedLock teamsTeams togetherTeam positionsShared explorationLock speedFull tech treeHidden civsTurbo modeCheats
Victory
Defeat
🇮🇩 Persians · Indonesia
776
+18
🇦🇺 Bohemians · Australia
752
+27
🇩🇪 Huns · Germany
823
-20
🇩🇪 Lithuanians · Germany
793
-17
Crush
1:03 Loom
15:30 Feudal Age
20:33 Castle Age
18:31 Fishing Lines
19:32 Double-Bit Axe
22:19 Gillnets
23:03 Bow Saw
24:54 Wheelbarrow
26:17 Fervor
28:22 Hand Cart
28:55 Horse Collar
34:30 Imperial Age
34:23 Chemistry
33:37 Fortified Wall
33:12 Pikeman
33:53 Squires
35:25 Scale Mail Armor
35:26 Padded Archer Armor
35:16 Fletching
36:47 Two-Man Saw
36:44 Chain Mail Armor
37:16 Ballistics
37:19 Conscription
36:21 Halberdier
37:45 Leather Archer Armor
37:26 Bodkin Arrow
37:38 Onager
38:15 Town Watch
39:17 Guard Tower
39:42 Town Patrol
39:35 Arrowslits
41:29 Plate Mail Armor
41:30 Ring Archer Armor
41:00 Bracer
41:11 Forging
41:06 Scale Barding Armor
41:56 Elite Hussite Wagon
42:46 Wagenburg Tactics
44:20 Bombard Tower
44:07 Cavalier
44:47 Husbandry
44:08 Light Cavalry
44:55 Man-at-Arms
45:21 Arson
44:59 Elite Skirmisher
46:56 Iron Casting
46:42 Chain Barding Armor
46:26 Caravan
51:45 Houfnice
Donald Trump
0:27 Loom
12:07 Feudal Age
12:43 Double-Bit Axe
19:05 Castle Age
17:56 Horse Collar
18:11 Stone Mining
20:08 Wheelbarrow
27:58 Heavy Plow
28:10 Bow Saw
28:17 Gold Mining
31:20 Gold Shaft Mining
34:06 Imperial Age
32:28 Stone Shaft Mining
34:57 Hand Cart
35:03 Heated Shot
35:24 Masonry
35:27 Elite War Elephant
36:31 Citadels
36:47 Conscription
37:22 Crop Rotation
37:55 Two-Man Saw
37:07 Town Watch
37:49 Cavalier
38:31 Husbandry
38:09 Light Cavalry
39:01 Bloodlines
39:00 Scale Barding Armor
39:07 Forging
40:32 Caravan
41:02 Coinage
40:43 Guilds
42:28 Devotion
42:43 Fervor
42:51 Block Printing
42:36 Herbal Medicine
44:24 Town Patrol
45:14 Hussar
47:44 Hoardings
46:44 Sappers
48:13 Architecture
❤ Wojtek ❤
2:07 Loom
14:29 Feudal Age
15:04 Double-Bit Axe
15:01 Horse Collar
15:58 Wheelbarrow
23:53 Castle Age
23:32 Forging
23:12 Fletching
23:22 Padded Archer Armor
23:23 Scale Mail Armor
23:28 Scale Barding Armor
25:19 Bow Saw
25:11 Heavy Plow
26:42 Hand Cart
26:46 Elite Skirmisher
29:25 Gold Mining
29:25 Stone Mining
29:39 Squires
30:18 Town Watch
31:12 Gold Shaft Mining
30:43 Caravan
31:21 Pikeman
34:04 Leather Archer Armor
34:25 Iron Casting
38:13 Imperial Age
36:57 Bloodlines
36:47 Husbandry
36:09 Man-at-Arms
36:35 Arson
36:57 Thumb Ring
37:25 Masonry
37:41 Marauders
39:02 Ballistics
39:04 Chain Barding Armor
38:59 Chain Mail Armor
39:38 Conscription
39:28 Town Patrol
40:34 Two-Man Saw
41:11 Halberdier
42:59 Parthian Tactics
43:17 Heavy Cavalry Archer
44:23 Atheism
47:14 Plate Barding Armor
48:18 Elite Tarkan
48:59 Bodkin Arrow
50:05 Blast Furnace
49:22 Murder Holes
50:30 Chemistry
49:12 Crossbowman
54:21 Light Cavalry
55:33 Bracer
56:31 Capped Ram
Spiderschwein
0:42 Loom
12:20 Feudal Age
13:01 Double-Bit Axe
18:14 Castle Age
17:54 Horse Collar
22:01 Wheelbarrow
21:51 Fishing Lines
22:49 Heavy Plow
25:41 Bow Saw
26:58 Ballistics
26:31 Gillnets
27:50 Scale Barding Armor
27:57 Forging
28:29 Hand Cart
28:29 Town Watch
29:58 Town Patrol
31:22 Chain Barding Armor
34:33 Imperial Age
32:49 Husbandry
32:59 Bloodlines
33:26 Iron Casting
34:22 Squires
34:08 Arson
34:32 Pikeman
35:51 Plate Barding Armor
34:40 Cavalier
36:29 Two-Man Saw
36:23 Crop Rotation
35:44 Onager
36:48 Halberdier
37:58 Paladin
41:25 Scale Mail Armor
41:35 Padded Archer Armor
45:53 Guilds
46:13 Coinage
45:44 Caravan
51:32 Light Cavalry
53:08 Elite Skirmisher
56:32 Chemistry
Connection lost

Rejoining the realm…

Still unreachable

The connection could not be restored.

Session expired

The server has moved on; the page needs a fresh start.